[Event "Czech Open-E Teams 2022"]
[Site "Pardubice"]
[Date "2022.07.16"]
[Round "4.32"]
[White "Rut, Vojtech"]
[Black "Janicek, Lubomir"]
[Result "1-0"]
[ECO "D02"]
[WhiteElo "2080"]
[BlackElo "1828"]
[Annotator "ChessBase"]
[PlyCount "69"]
[EventDate "2022.07.14"]
[EventType "team-tourn"]
[EventCountry "CZE"]
[SourceTitle "playchess.com"]
[Source "ChessBase"]
[SourceQuality "1"]
[TimeControl "5400+30"]

1. d4 Nf6 2. Nf3 d5 3. Bf4 c6 4. e3 Qb6 5. Qc1 Nh5 6. Bg5 h6 7. Bh4 g5 8. Bg3 Nxg3 9. hxg3 Bg7 10. Bd3 Bg4 11. c4 dxc4 12. Bxc4 Nd7 13. Nc3 Bxf3 14. gxf3 e5 15. d5 O-O 16. Qc2 Qb4 17. Bb3 Nc5 18. O-O-O Nxb3+ 19. Qxb3 Qxb3 20. axb3 cxd5 21. Rxd5 Rfd8 22. Rhd1 Bf6 23. Rd7 Kg7 24. Rxb7 Rxd1+ 25. Kxd1 h5 26. Ke2 h4 27. Kf1 h3 28. Kg1 Rd8 29. Rxa7 Rd2 30. Ne4 Rxb2 31. Rb7 Bd8 32. g4 Kg6 33. b4 f5 34. gxf5+ Kxf5 35. Rd7 1-0

[Event "Czech Open-E Teams 2022"]
[Site "Pardubice"]
[Date "2022.07.16"]
[Round "4.33"]
[White "Goroshkov, Maksym"]
[Black "Vavra, Pavel"]
[Result "1/2-1/2"]
[ECO "C01"]
[WhiteElo "2240"]
[BlackElo "2317"]
[Annotator "ChessBase"]
[PlyCount "21"]
[EventDate "2022.07.14"]
[EventType "team-tourn"]
[EventCountry "CZE"]
[SourceTitle "playchess.com"]
[Source "ChessBase"]
[SourceQuality "1"]
[TimeControl "5400+30"]

1. e4 e6 2. d4 d5 3. exd5 exd5 4. c4 Bb4+ 5. Nc3 Nf6 6. Nf3 O-O 7. Be2 dxc4 8. Bxc4 Nc6 9. O-O Bg4 10. Be3 Qd6 11. Be2 1/2-1/2

[Event "Czech Open-E Teams 2022"]
[Site "Pardubice"]
[Date "2022.07.16"]
[Round "4.34"]
[White "Bartos, Jan"]
[Black "Kovalskyi, Roman"]
[Result "1-0"]
[ECO "D41"]
[WhiteElo "2142"]
[BlackElo "2056"]
[Annotator "ChessBase"]
[PlyCount "109"]
[EventDate "2022.07.14"]
[EventType "team-tourn"]
[EventCountry "CZE"]
[SourceTitle "playchess.com"]
[Source "ChessBase"]
[SourceQuality "1"]
[TimeControl "5400+30"]

1. d4 d5 2. Nf3 Nf6 3. c4 e6 4. Nc3 c5 5. cxd5 cxd4 6. Qxd4 exd5 7. Bg5 Be7 8. e3 Be6 9. Rd1 O-O 10. Be2 h6 11. Bh4 Nc6 12. Qa4 Qb6 13. Qb5 Qxb5 14. Bxb5 Rfd8 15. O-O Kf8 16. Ne2 Rac8 17. Ned4 Nxd4 18. Nxd4 Ne4 19. Bxe7+ Kxe7 20. Bd3 a6 21. f3 Nd6 22. b3 h5 23. Kf2 g6 24. Ke2 Rc5 25. Rc1 Rdc8 26. Kd2 Rxc1 27. Rxc1 Rxc1 28. Kxc1 Nc8 29. Kd2 Kd6 30. Kc3 Ne7 31. b4 Nc6 32. Nxc6 Kxc6 33. Kd4 Kd6 34. h4 Bd7 35. Be2 f6 36. g4 Be8 37. gxh5 gxh5 38. Bd1 f5 39. f4 b6 40. Bf3 Bf7 41. a4 a5 42. b5 Be8 43. Bxd5 Bg6 44. Bb3 Be8 45. e4 fxe4 46. Kxe4 Kc5 47. f5 Kb4 48. Bd1 Kc3 49. f6 Bg6+ 50. Ke5 Kd2 51. Bf3 Kc3 52. Ke6 Kb4 53. Bd1 Kc3 54. f7 Bxf7+ 55. Kxf7 1-0

[Event "Czech Open-E Teams 2022"]
[Site "Pardubice"]
[Date "2022.07.16"]
[Round "4.35"]
[White "Garsky, Vladyslav"]
[Black "Pokorny, Petr"]
[Result "1/2-1/2"]
[ECO "A06"]
[WhiteElo "1884"]
[BlackElo "2139"]
[Annotator "ChessBase"]
[PlyCount "80"]
[EventDate "2022.07.14"]
[EventType "team-tourn"]
[EventCountry "CZE"]
[SourceTitle "playchess.com"]
[Source "ChessBase"]
[SourceQuality "1"]
[TimeControl "5400+30"]

1. Nf3 d5 2. g3 c6 3. Bg2 Bg4 4. O-O Nd7 5. h3 Bh5 6. d3 Ngf6 7. Nbd2 e5 8. e4 dxe4 9. dxe4 Bc5 10. Qe1 O-O 11. Nh4 Re8 12. Nc4 Qc7 13. Ne3 Nf8 14. b4 Bb6 15. Nc4 Ne6 16. Nf5 Rad8 17. Bd2 Bg6 18. c3 Qb8 19. a4 Bc7 20. a5 Rd7 21. Qe2 Red8 22. h4 Bh5 23. f3 Bg6 24. Be3 Ne8 25. g4 f6 26. Rfd1 Nd6 27. Ncxd6 Bxd6 28. Rd2 Bf8 29. Rad1 Rxd2 30. Rxd2 Rxd2 31. Qxd2 Bf7 32. Qd7 Qc7 33. Qd2 c5 34. Bf1 cxb4 35. cxb4 a6 36. Bb6 Qc6 37. Qd5 Nd4 38. Nxd4 Bxd5 39. Nxc6 Bxc6 40. Bc4+ Kh8 1/2-1/2

[Event "Czech Open-E Teams 2022"]
[Site "Pardubice"]
[Date "2022.07.16"]
[Round "4.36"]
[White "Hruska, Jan"]
[Black "Goroshkova, Iryna"]
[Result "1-0"]
[ECO "A10"]
[WhiteElo "2145"]
[BlackElo "1468"]
[Annotator "ChessBase"]
[PlyCount "93"]
[EventDate "2022.07.14"]
[EventType "team-tourn"]
[EventCountry "CZE"]
[SourceTitle "playchess.com"]
[Source "ChessBase"]
[SourceQuality "1"]
[TimeControl "5400+30"]

1. c4 d5 2. cxd5 Qxd5 3. Nc3 Qd8 4. d4 Nf6 5. g3 e6 6. Bg2 Nc6 7. e3 Be7 8. Nge2 O-O 9. O-O Nd5 10. e4 Nb6 11. b3 f6 12. Be3 Re8 13. a4 Bb4 14. Rc1 e5 15. d5 Ne7 16. Na2 Bd6 17. Qd3 Bg4 18. f3 Bh5 19. g4 Bf7 20. a5 Nd7 21. Rfd1 a6 22. Rc2 Nf8 23. h4 Nfg6 24. h5 Nf4 25. Nxf4 exf4 26. Bd4 Be5 27. Qc3 Bd6 28. h6 Ng6 29. hxg7 Ne5 30. Nb4 Rc8 31. Nd3 Kxg7 32. Nxf4 c6 33. g5 cxd5 34. Qxc8 Qxc8 35. Rxc8 Rxc8 36. gxf6+ Kxf6 37. Nd3 dxe4 38. fxe4 Re8 39. Rf1+ Kg7 40. Rf5 Bxb3 41. Bxe5+ Bxe5 42. Rxe5 Rxe5 43. Nxe5 Ba4 44. Kf2 Bc6 45. Ke3 h5 46. Nxc6 bxc6 47. Kd4 1-0

[Event "Czech Open-E Teams 2022"]
[Site "Pardubice"]
[Date "2022.07.16"]
[Round "4.37"]
[White "Kostka, Vit"]
[Black "Jirasek, Pavel"]
[Result "0-1"]
[ECO "B31"]
[WhiteElo "2168"]
[BlackElo "2290"]
[Annotator "ChessBase"]
[PlyCount "86"]
[EventDate "2022.07.14"]
[EventType "team-tourn"]
[EventCountry "CZE"]
[SourceTitle "playchess.com"]
[Source "ChessBase"]
[SourceQuality "1"]
[TimeControl "5400+30"]

1. e4 c5 2. Nf3 Nc6 3. Bb5 g6 4. Bxc6 dxc6 5. h3 Bg7 6. d3 Nf6 7. Nc3 O-O 8. Be3 b6 9. Qd2 e5 10. Bh6 Qd6 11. O-O-O Re8 12. Bxg7 Kxg7 13. h4 Bg4 14. Rdg1 Nh5 15. Ne2 Rad8 16. Nh2 Bxe2 17. Qxe2 c4 18. dxc4 Nf4 19. Qe3 Qd4 20. Rd1 Qxe3+ 21. fxe3 Ne2+ 22. Kb1 Ng3 23. Rhe1 Nxe4 24. Nf3 f6 25. c3 Kf7 26. Kc2 Ke6 27. a4 Nf2 28. Ra1 c5 29. a5 e4 30. Nd2 f5 31. axb6 axb6 32. Ra6 Rd6 33. Ra7 Red8 34. Re2 Ng4 35. Rxh7 Nxe3+ 36. Kc1 Nf1 37. Nxf1 Rd1+ 38. Kc2 Rxf1 39. h5 gxh5 40. Rxh5 Rg8 41. b4 Ra8 42. Kd2 Ra2+ 43. Ke3 f4+ 0-1

[Event "Czech Open-E Teams 2022"]
[Site "Pardubice"]
[Date "2022.07.16"]
[Round "4.38"]
[White "Szucs, Matyas"]
[Black "Lojek, Marek"]
[Result "1/2-1/2"]
[ECO "C54"]
[WhiteElo "2133"]
[BlackElo "2142"]
[Annotator "ChessBase"]
[PlyCount "106"]
[EventDate "2022.07.14"]
[EventType "team-tourn"]
[EventCountry "CZE"]
[SourceTitle "playchess.com"]
[Source "ChessBase"]
[SourceQuality "1"]
[TimeControl "5400+30"]

1. e4 e5 2. Nf3 Nc6 3. Bc4 Bc5 4. c3 Nf6 5. d3 O-O 6. O-O a6 7. a4 d5 8. exd5 Nxd5 9. a5 Bf5 10. Re1 b5 11. axb6 Nxb6 12. Bg5 Be7 13. Bxe7 Qxe7 14. Nbd2 Nxc4 15. Nxc4 Bg4 16. h3 Bxf3 17. Qxf3 Qe6 18. Na5 Nxa5 19. Rxa5 Qb3 20. Re2 Rad8 21. Raxe5 Qd1+ 22. Kh2 Rxd3 23. Qf4 Rdd8 24. Re7 Rd7 25. Rxd7 Qxd7 26. Rd2 Qc6 27. Rd4 h6 28. Rc4 Qb6 29. b4 c6 30. Qf3 Rc8 31. Rc5 Rc7 32. g3 Rc8 33. Kg2 Rc7 34. h4 Rc8 35. Qe4 Qb7 36. g4 Qd7 37. Qf5 Qb7 38. f4 Re8 39. Kf3 a5 40. bxa5 Qb2 41. Qd3 Qh2 42. Re5 Rxe5 43. fxe5 Qh3+ 44. Ke2 Qxg4+ 45. Kd2 Qf4+ 46. Qe3 Qc4 47. Qb6 Qd5+ 48. Kc2 Qa2+ 49. Kc1 Qa1+ 50. Kd2 Qa2+ 51. Ke3 Qd5 52. Qc7 Qc5+ 53. Kd2 Qf2+ 1/2-1/2

[Event "Czech Open-E Teams 2022"]
[Site "Pardubice"]
[Date "2022.07.16"]
[Round "4.39"]
[White "Husek, Martin"]
[Black "Sedivy, Martin"]
[Result "1-0"]
[ECO "E50"]
[WhiteElo "2132"]
[BlackElo "2126"]
[Annotator "ChessBase"]
[PlyCount "87"]
[EventDate "2022.07.14"]
[EventType "team-tourn"]
[EventCountry "CZE"]
[SourceTitle "playchess.com"]
[Source "ChessBase"]
[SourceQuality "1"]
[TimeControl "5400+30"]

1. d4 Nf6 2. c4 e6 3. Nc3 Bb4 4. e3 O-O 5. Nf3 b6 6. Bd2 Bb7 7. Bd3 d6 8. O-O Nbd7 9. a3 Bxc3 10. Bxc3 Ne4 11. Be1 f5 12. Qc2 e5 13. Nd2 Nxd2 14. Bxd2 e4 15. Be2 Qe7 16. b4 c5 17. bxc5 dxc5 18. d5 Ne5 19. f4 exf3 20. gxf3 f4 21. exf4 Ng6 22. Bd3 Nxf4 23. Bxh7+ Kh8 24. Kh1 Qh4 25. Be4 Rae8 26. Rg1 Nh3 27. Be1 Qh5 28. Rg3 Re5 29. Bc3 Rg5 30. Rxg5 Qxg5 31. Qg2 Qxg2+ 32. Kxg2 Nf4+ 33. Kf2 Ba6 34. Ke3 Bxc4 35. Rg1 Nh5 36. Rg4 Nf6 37. Rh4+ Kg8 38. Bxf6 Rxf6 39. Bh7+ Kh8 40. Bc2+ Rh6 41. Rxc4 Rxh2 42. d6 Rh6 43. d7 Rd6 44. Re4 1-0

[Event "Czech Open-E Teams 2022"]
[Site "Pardubice"]
[Date "2022.07.16"]
[Round "4.40"]
[White "Flasar, Jaroslav"]
[Black "Walica, Roman"]
[Result "0-1"]
[ECO "C55"]
[WhiteElo "2044"]
[BlackElo "2123"]
[Annotator "ChessBase"]
[PlyCount "84"]
[EventDate "2022.07.14"]
[EventType "team-tourn"]
[EventCountry "CZE"]
[SourceTitle "playchess.com"]
[Source "ChessBase"]
[SourceQuality "1"]
[TimeControl "5400+30"]

1. e4 e5 2. Nf3 Nc6 3. d4 exd4 4. Bc4 Nf6 5. e5 d5 6. Bb5 Ne4 7. Nxd4 Bc5 8. Be3 Bd7 9. Bxc6 bxc6 10. O-O O-O 11. f3 Ng5 12. Kh1 Bb6 13. Nd2 c5 14. N4b3 d4 15. Bf2 Ne6 16. Ne4 Bc6 17. Nbd2 Nf4 18. Bg3 Nd5 19. Qe2 Qd7 20. c4 Ne3 21. Rfc1 a5 22. Bf2 Nf5 23. f4 Rae8 24. Qd3 f6 25. Nf3 Nh6 26. Re1 Qf5 27. Bg3 Ng4 28. Nxc5 fxe5 29. Qa3 e4 30. Nxd4 Bxc5 31. Nxf5 Bxa3 32. Nd4 Bxb2 33. Nxc6 Bxa1 34. Rxa1 e3 35. Re1 Nf2+ 36. Kg1 Nd3 37. Rd1 Nxf4 38. Re1 Nd3 39. Re2 Re4 40. Nxa5 Nf4 41. Rb2 e2 42. Rb1 Nd3 0-1

[Event "Czech Open-E Teams 2022"]
[Site "Pardubice"]
[Date "2022.07.16"]
[Round "4.42"]
[White "Krmela, Ales"]
[Black "Sodoma, Jan"]
[Result "0-1"]
[ECO "C27"]
[WhiteElo "2065"]
[BlackElo "2312"]
[Annotator "ChessBase"]
[PlyCount "54"]
[EventDate "2022.07.14"]
[EventType "team-tourn"]
[EventCountry "CZE"]
[SourceTitle "playchess.com"]
[Source "ChessBase"]
[SourceQuality "1"]
[TimeControl "5400+30"]

1. e4 e5 2. Nc3 Nf6 3. Bc4 Nxe4 4. Nxe4 d5 5. Bd3 dxe4 6. Bxe4 Bc5 7. Qf3 c6 8. Bf5 Nd7 9. Ne2 O-O 10. d3 Re8 11. h4 Nf8 12. Ng3 Ne6 13. Bg5 Qb6 14. Ne4 Be7 15. Bxh7+ Kxh7 16. Qxf7 Qd8 17. Bxe7 Qxe7 18. Ng5+ Kh6 19. Qf5 g6 20. Qe4 Qf6 21. g3 Kg7 22. O-O-O Nxg5 23. hxg5 Qxg5+ 24. Kb1 Be6 25. b3 Bd5 26. Qh4 Qxh4 27. Rxh4 Rh8 0-1

[Event "Czech Open-E Teams 2022"]
[Site "Pardubice"]
[Date "2022.07.16"]
[Round "4.43"]
[White "Vitak, Jiri"]
[Black "Opravil, Karel"]
[Result "1-0"]
[ECO "A40"]
[WhiteElo "2223"]
[BlackElo "2065"]
[Annotator "ChessBase"]
[PlyCount "130"]
[EventDate "2022.07.14"]
[EventType "team-tourn"]
[EventCountry "CZE"]
[SourceTitle "playchess.com"]
[Source "ChessBase"]
[SourceQuality "1"]
[TimeControl "5400+30"]

1. d4 Nf6 2. c4 e6 3. g3 d5 4. Nf3 Bb4+ 5. Bd2 Be7 6. Bg2 O-O 7. O-O c6 8. Qc2 b6 9. b3 Bb7 10. Nc3 Nbd7 11. e4 Nxe4 12. Nxe4 dxe4 13. Qxe4 Nf6 14. Qe2 c5 15. dxc5 Bxc5 16. Rad1 Qe7 17. Ne5 Bxg2 18. Kxg2 Qb7+ 19. f3 Rfd8 20. Bc3 a5 21. Rd3 Qc7 22. Rfd1 Rxd3 23. Nxd3 Be7 24. Nb2 Rd8 25. Na4 Rxd1 26. Qxd1 Nd7 27. Bd4 Bf6 28. Bf2 Nc5 29. Nxc5 bxc5 30. Qd2 Be7 31. Be3 Bd6 32. Qe1 Be7 33. Bd2 Bd8 34. Bc3 h6 35. Qd2 f6 36. Kf2 Kf7 37. Ke2 Ke8 38. Qd3 Qd7 39. Qh7 Qf7 40. Qe4 Qd7 41. Qg4 Bb6 42. Qg6+ Kd8 43. Qh7 Kc8 44. Qg8+ Kb7 45. Qh7 Kc8 46. Qe4 Kb8 47. f4 Bc7 48. h4 Bd8 49. h5 Qd6 50. Qd3 Qxd3+ 51. Kxd3 Kb7 52. a3 Kc6 53. b4 axb4 54. axb4 Be7 55. b5+ Kb6 56. g4 Kc7 57. Ke4 Kd6 58. Ba5 f5+ 59. gxf5 exf5+ 60. Kxf5 Bf6 61. Bd2 Bd4 62. Ke4 Bf6 63. f5 Bd4 64. Bf4+ Kd7 65. Be5 Ke8 1-0

[Event "Czech Open-E Teams 2022"]
[Site "Pardubice"]
[Date "2022.07.16"]
[Round "5.1"]
[White "Zvolensky, David"]
[Black "Vykouk, Jan"]
[Result "0-1"]
[ECO "B94"]
[WhiteElo "2196"]
[BlackElo "2476"]
[Annotator "ChessBase"]
[PlyCount "118"]
[EventDate "2022.07.14"]
[EventType "team-tourn"]
[EventCountry "CZE"]
[SourceTitle "playchess.com"]
[Source "ChessBase"]
[SourceQuality "1"]
[TimeControl "5400+30"]

1. e4 c5 2. Nf3 d6 3. d4 cxd4 4. Nxd4 Nf6 5. Nc3 a6 6. Bg5 Nbd7 7. f3 e6 8. Qd2 h6 9. Be3 Qc7 10. O-O-O b5 11. a3 Bb7 12. Kb1 Ne5 13. Ndxb5 axb5 14. Nxb5 Qc6 15. Nxd6+ Bxd6 16. Qxd6 Qxd6 17. Rxd6 O-O 18. Bb5 Rfc8 19. Bd4 Nc6 20. Rd1 Ne8 21. Rd7 Nc7 22. Bb6 Nxb5 23. Rxb7 Ne5 24. Bd4 Nd6 25. Ra7 Rxa7 26. Bxa7 Nec4 27. a4 Ra8 28. Bc5 Nb7 29. Be7 Ne3 30. Rd7 Na5 31. b4 Nc6 32. Bc5 Nxg2 33. b5 Ne5 34. Rc7 Rxa4 35. b6 Ra5 36. b7 Rb5+ 37. Kc1 Kh7 38. Ba7 Nc6 39. Rxc6 Rxb7 40. Bf2 Nf4 41. Rd6 e5 42. c4 Rb3 43. Kc2 Rxf3 44. Bb6 Ne6 45. c5 Ng5 46. Rd3 Rf2+ 47. Kd1 Rf1+ 48. Ke2 Rc1 49. Rd5 f6 50. Kd2 Rb1 51. Kd3 Ne6 52. Kc4 Rc1+ 53. Kb5 Nd4+ 54. Ka6 g5 55. Rd6 Kg6 56. Kb7 Rc4 57. Bd8 Rxc5 58. Bxf6 Nb5 59. Bxe5+ Nxd6+ 0-1

[Event "Czech Open-E Teams 2022"]
[Site "Pardubice"]
[Date "2022.07.16"]
[Round "5.2"]
[White "Simacek, Pavel"]
[Black "Pychova, Nela"]
[Result "1-0"]
[ECO "E32"]
[WhiteElo "2458"]
[BlackElo "2075"]
[Annotator "ChessBase"]
[PlyCount "63"]
[EventDate "2022.07.14"]
[EventType "team-tourn"]
[EventCountry "CZE"]
[SourceTitle "playchess.com"]
[Source "ChessBase"]
[SourceQuality "1"]
[TimeControl "5400+30"]

1. d4 Nf6 2. c4 e6 3. Nc3 Bb4 4. Qc2 O-O 5. e4 d6 6. Nf3 e5 7. Bd3 Re8 8. d5 a5 9. a3 Bxc3+ 10. Qxc3 a4 11. Be3 b6 12. h3 Na6 13. Nd2 Bd7 14. g4 Nc5 15. Bc2 Kh8 16. f3 Ng8 17. h4 f6 18. g5 Rf8 19. O-O-O Nb3+ 20. Nxb3 axb3 21. Bxb3 f5 22. f4 exf4 23. Bd4 Qe7 24. Rde1 fxe4 25. Rxe4 Qf7 26. h5 Rfe8 27. g6 Qf8 28. h6 Nxh6 29. Rxh6 Rxe4 30. Bxg7+ Qxg7 31. Rxh7+ Kg8 32. Qxg7# 1-0

[Event "Czech Open-E Teams 2022"]
[Site "Pardubice"]
[Date "2022.07.16"]
[Round "5.3"]
[White "Dudek, Vojtech"]
[Black "Kraus, Tomas"]
[Result "1/2-1/2"]
[ECO "A06"]
[WhiteElo "2006"]
[BlackElo "2488"]
[Annotator "ChessBase"]
[PlyCount "49"]
[EventDate "2022.07.14"]
[EventType "team-tourn"]
[EventCountry "CZE"]
[SourceTitle "playchess.com"]
[Source "ChessBase"]
[SourceQuality "1"]
[TimeControl "5400+30"]

1. Nf3 d5 2. b3 c5 3. e3 Nc6 4. Bb2 Nf6 5. d4 Bg4 6. Be2 e6 7. O-O Rc8 8. Nbd2 cxd4 9. Nxd4 Nxd4 10. Bxd4 Bxe2 11. Qxe2 Rxc2 12. Rfc1 Rxc1+ 13. Rxc1 a6 14. e4 Ba3 15. Rd1 O-O 16. Bxf6 Qxf6 17. exd5 Qb2 18. dxe6 Qxa2 19. exf7+ Rxf7 20. Qc4 b5 21. Qd5 Qc2 22. Re1 g6 23. Ne4 Be7 24. f3 Qc8 25. Re3 1/2-1/2

[Event "Czech Open-E Teams 2022"]
[Site "Pardubice"]
[Date "2022.07.16"]
[Round "5.4"]
[White "Studnicka, Tomas"]
[Black "Vlkova, Anezka"]
[Result "1-0"]
[ECO "A40"]
[WhiteElo "2316"]
[BlackElo "1954"]
[Annotator "ChessBase"]
[PlyCount "35"]
[EventDate "2022.07.14"]
[EventType "team-tourn"]
[EventCountry "CZE"]
[SourceTitle "playchess.com"]
[Source "ChessBase"]
[SourceQuality "1"]
[TimeControl "5400+30"]

1. d4 e6 2. Nf3 Nf6 3. Bf4 d5 4. e3 c5 5. c3 Nc6 6. Nbd2 Bd7 7. Bd3 Be7 8. Ne5 O-O 9. Qf3 Rc8 10. Qh3 g6 11. Bh6 Re8 12. Qf3 cxd4 13. exd4 Bd6 14. Bf4 Bf8 15. Bg5 Be7 16. Bxf6 Bxf6 17. Nxd7 Bxd4 18. cxd4 1-0

[Event "Czech Open-E Teams 2022"]
[Site "Pardubice"]
[Date "2022.07.16"]
[Round "5.5"]
[White "Stalmach, Richard"]
[Black "Cerveny, Martin"]
[Result "1-0"]
[ECO "D15"]
[WhiteElo "2363"]
[BlackElo "2396"]
[Annotator "ChessBase"]
[PlyCount "105"]
[EventDate "2022.07.14"]
[EventType "team-tourn"]
[EventCountry "CZE"]
[SourceTitle "playchess.com"]
[Source "ChessBase"]
[SourceQuality "1"]
[TimeControl "5400+30"]

1. d4 d5 2. c4 c6 3. Nf3 Nf6 4. Nc3 a6 5. e3 b5 6. b3 Bg4 7. h3 Bxf3 8. gxf3 e6 9. c5 Be7 10. f4 a5 11. Bd3 g6 12. Qc2 Na6 13. a3 O-O 14. Bd2 Kh8 15. Ne2 Nc7 16. Ng1 Nce8 17. Nf3 Ng7 18. a4 b4 19. O-O-O Qc7 20. Rdg1 Nf5 21. Ne5 Nh5 22. h4 Bf6 23. Be2 Nfg7 24. Ng4 Be7 25. Rg2 Rac8 26. Qd1 Qd8 27. Kb1 Qe8 28. Rhg1 f6 29. Ka2 Nf5 30. Bd3 Qf7 31. Nh6 Nxh6 32. Rxg6 f5 33. Qxh5 hxg6 34. Rxg6 Qxg6 35. Qxg6 Rf6 36. Qh5 Kg7 37. Ba6 Rb8 38. Qe2 Rg6 39. Bb5 Rg2 40. Qf1 Rh2 41. Be1 Ng4 42. Be2 Rh8 43. f3 Bxh4 44. fxg4 Bxe1 45. Qxe1 Rh1 46. Qd2 fxg4 47. e4 R8h2 48. f5 Kf8 49. fxe6 Ke8 50. exd5 cxd5 51. c6 Kd8 52. Qg5+ Kc8 53. Qxg4 1-0

[Event "Czech Open-E Teams 2022"]
[Site "Pardubice"]
[Date "2022.07.16"]
[Round "5.6"]
[White "Szotkowski, Jakub"]
[Black "Mica, Marek"]
[Result "1/2-1/2"]
[ECO "E04"]
[WhiteElo "2344"]
[BlackElo "2304"]
[Annotator "ChessBase"]
[PlyCount "126"]
[EventDate "2022.07.14"]
[EventType "team-tourn"]
[EventCountry "CZE"]
[SourceTitle "playchess.com"]
[Source "ChessBase"]
[SourceQuality "1"]
[TimeControl "5400+30"]

1. d4 Nf6 2. c4 e6 3. g3 d5 4. Nf3 dxc4 5. Bg2 Nc6 6. O-O Rb8 7. a4 a6 8. e3 b5 9. axb5 axb5 10. b3 cxb3 11. Qxb3 Bd7 12. Bb2 Be7 13. Rc1 O-O 14. Ne1 Nb4 15. e4 Ra8 16. Rxa8 Qxa8 17. Rxc7 Qb8 18. Rc1 Rc8 19. Rd1 Nc6 20. d5 Na5 21. Qa2 Nc4 22. Nd3 b4 23. Nd2 exd5 24. exd5 Nxb2 25. Qxb2 Bd6 26. Qd4 Ba4 27. Rb1 Bc2 28. Rxb4 Bxb4 29. Nxb4 Ba4 30. Nd3 Bb5 31. Bf3 Bxd3 32. Qxd3 Qd6 33. Kg2 Nxd5 34. Qxd5 Qxd5 35. Bxd5 Rd8 36. Bxf7+ Kxf7 37. Nc4 g5 38. h3 h5 39. Ne3 Rd2 40. g4 h4 41. Nc4 Rd4 42. Ne5+ Kf6 43. Nf3 Rd3 44. Ne1 Rb3 45. Nf3 Rc3 46. Nd2 Ke5 47. Nf3+ Kf4 48. Ng1 Ke4 49. Ne2 Ra3 50. Ng1 Rc3 51. Ne2 Rb3 52. Ng1 Ra3 53. Ne2 Kd3 54. Ng1 Ra5 55. Nf3 Rb5 56. Ng1 Rb8 57. Nf3 Rg8 58. Ng1 Rf8 59. Nf3 Ke2 60. Ng1+ Ke1 61. Nf3+ Ke2 62. Ng1+ Ke1 63. Nf3+ Ke2 1/2-1/2

[Event "Czech Open-E Teams 2022"]
[Site "Pardubice"]
[Date "2022.07.16"]
[Round "5.7"]
[White "Frank, Adam"]
[Black "Chytilek, Roman"]
[Result "1-0"]
[ECO "C07"]
[WhiteElo "2313"]
[BlackElo "2317"]
[Annotator "ChessBase"]
[PlyCount "77"]
[EventDate "2022.07.14"]
[EventType "team-tourn"]
[EventCountry "CZE"]
[SourceTitle "playchess.com"]
[Source "ChessBase"]
[SourceQuality "1"]
[TimeControl "5400+30"]

1. e4 e6 2. d4 d5 3. Nd2 c5 4. exd5 Qxd5 5. Ngf3 cxd4 6. Bc4 Qd7 7. O-O Nf6 8. Nb3 Nc6 9. Nbxd4 Nxd4 10. Nxd4 a6 11. Bb3 Bc5 12. c3 b6 13. Re1 Bxd4 14. cxd4 Bb7 15. Bf4 Bd5 16. Bc2 Qb7 17. f3 Nh5 18. Be3 f5 19. Bb3 O-O 20. Bf2 Rae8 21. Bxd5 Qxd5 22. Qa4 Nf4 23. Qxa6 Rf6 24. Qxb6 Nxg2 25. Kxg2 Rg6+ 26. Bg3 f4 27. Re5 Qa8 28. Ra5 Qc8 29. Rc5 Qd7 30. Rc7 Qd8 31. Qc5 fxg3 32. hxg3 Rg5 33. Qc6 Rd5 34. Rc1 Rxd4 35. Rc8 Rd2+ 36. Kh3 Qxc8 37. Qxc8 Rxc8 38. Rxc8+ Kf7 39. Rb8 1-0

[Event "Czech Open-E Teams 2022"]
[Site "Pardubice"]
[Date "2022.07.16"]
[Round "5.8"]
[White "Vyskocil, Neklan"]
[Black "Gnojek, Petr"]
[Result "0-1"]
[ECO "B07"]
[WhiteElo "2286"]
[BlackElo "2295"]
[Annotator "ChessBase"]
[PlyCount "96"]
[EventDate "2022.07.14"]
[EventType "team-tourn"]
[EventCountry "CZE"]
[SourceTitle "playchess.com"]
[Source "ChessBase"]
[SourceQuality "1"]
[TimeControl "5400+30"]

1. e4 d6 2. d4 Nf6 3. Nc3 g6 4. g3 Bg7 5. Bg2 O-O 6. Nge2 e5 7. O-O Nc6 8. d5 Ne7 9. h3 c6 10. Kh2 cxd5 11. exd5 h5 12. f4 Nf5 13. Ne4 Nxe4 14. Bxe4 Re8 15. Bg2 exf4 16. Nxf4 h4 17. g4 Ne3 18. Bxe3 Rxe3 19. Qd2 Re8 20. Nd3 f5 21. Bf3 Bd7 22. Rae1 Qf6 23. g5 Qd4 24. c3 Qc4 25. a3 Rxe1 26. Rxe1 Re8 27. Rxe8+ Bxe8 28. Qe3 Bb5 29. Qe6+ Kh7 30. Be2 Qa4 31. b3 Qe4 32. Qxe4 fxe4 33. Nc1 Bd7 34. Na2 Be5+ 35. Kg2 Bf4 36. c4 Bd2 37. Nb4 Bxg5 38. Nc2 Kg7 39. Nd4 Kf6 40. Nb5 Bxb5 41. cxb5 Ke5 42. Bc4 b6 43. Kf2 Kd4 44. Ke2 Bf4 45. Kf2 g5 46. Ke2 Kc3 47. Kf2 g4 48. hxg4 Kd2 0-1

[Event "Czech Open-E Teams 2022"]
[Site "Pardubice"]
[Date "2022.07.16"]
[Round "5.9"]
[White "Polak, Tomas"]
[Black "Obsivac, Josef"]
[Result "1-0"]
[ECO "A04"]
[WhiteElo "2512"]
[BlackElo "2272"]
[Annotator "ChessBase"]
[PlyCount "63"]
[EventDate "2022.07.14"]
[EventType "team-tourn"]
[EventCountry "CZE"]
[SourceTitle "playchess.com"]
[Source "ChessBase"]
[SourceQuality "1"]
[TimeControl "5400+30"]

1. Nf3 c5 2. c4 Nf6 3. Nc3 b6 4. e4 d6 5. d4 cxd4 6. Nxd4 Bb7 7. f3 e6 8. Be3 Be7 9. Be2 O-O 10. O-O a6 11. Qd2 Nbd7 12. Rfd1 Qb8 13. Rac1 Bd8 14. Kh1 Bc7 15. Bg1 Kh8 16. b4 Rg8 17. Nb3 g5 18. c5 dxc5 19. bxc5 bxc5 20. Na4 Bf4 21. Qc3 Ne5 22. Naxc5 Rg6 23. Na5 Rh6 24. h3 Bc8 25. Rd8+ Kg7 26. Nxa6 Nh5 27. Bh2 Bxh2 28. Nxb8 Bf4 29. Qxc8 Ng3+ 30. Kg1 Nxe2+ 31. Kf2 Rxb8 32. Qxb8 1-0

[Event "Czech Open-E Teams 2022"]
[Site "Pardubice"]
[Date "2022.07.16"]
[Round "5.10"]
[White "Zeman, Matyas"]
[Black "Nemec, Jachym"]
[Result "1/2-1/2"]
[ECO "D02"]
[WhiteElo "2262"]
[BlackElo "2357"]
[Annotator "ChessBase"]
[PlyCount "32"]
[EventDate "2022.07.14"]
[EventType "team-tourn"]
[EventCountry "CZE"]
[SourceTitle "playchess.com"]
[Source "ChessBase"]
[SourceQuality "1"]
[TimeControl "5400+30"]

1. d4 d5 2. Nf3 Nf6 3. Bf4 e6 4. e3 Bd6 5. Bg3 O-O 6. Nbd2 c5 7. c3 Qc7 8. dxc5 Qxc5 9. Bd3 Nbd7 10. O-O Bxg3 11. hxg3 Qb6 12. Qb3 Qc7 13. Qc2 b6 14. e4 Bb7 15. exd5 Bxd5 16. Ne4 Rad8 1/2-1/2

[Event "Czech Open-E Teams 2022"]
[Site "Pardubice"]
[Date "2022.07.16"]
[Round "5.11"]
[White "Kusa, Jakub"]
[Black "Skacelik, Petr"]
[Result "1-0"]
[ECO "B31"]
[WhiteElo "2353"]
[BlackElo "2170"]
[Annotator "ChessBase"]
[PlyCount "59"]
[EventDate "2022.07.14"]
[EventType "team-tourn"]
[EventCountry "CZE"]
[SourceTitle "playchess.com"]
[Source "ChessBase"]
[SourceQuality "1"]
[TimeControl "5400+30"]

1. e4 c5 2. Nf3 Nc6 3. Bb5 g6 4. Bxc6 bxc6 5. O-O Bg7 6. c3 d6 7. h3 Ba6 8. d3 e5 9. Re1 Ne7 10. Be3 O-O 11. d4 cxd4 12. cxd4 exd4 13. Bxd4 Bxd4 14. Qxd4 c5 15. Qd2 Qb6 16. Nc3 Rad8 17. Rad1 Bb7 18. Qc2 Bc6 19. Nd2 d5 20. exd5 Nxd5 21. Nc4 Nb4 22. Qe2 Qb8 23. a3 Nd5 24. Nxd5 Bxd5 25. Ne3 Be6 26. Rc1 Qb6 27. Rc2 Rb8 28. Rec1 Rfc8 29. Nc4 Qa6 30. Qe5 1-0